 Dungeon Crawl Stone Soup version 0.31-b1-18-g61460d1e46 (webtiles) character file.

Game seed: 2560141928284601543

57 NamelessAdventurer the Shooter (level 3, -2/30 HPs)
             Began as a Draconian Hunter on Jan 16, 2024.
             Succumbed to a scorpion's poison
             ... on level 4 of the Dungeon.
             The game lasted 00:06:58 (2312 turns).

NamelessAdventurer the Shooter (Draconian Hunter)   Turns: 2312, Time: 00:06:59

Health: -2/30      AC:  5    Str: 13    XL:     3   Next: 73%
Magic:  4/4        EV: 12    Int: 11    God:
Gold:   164        SH:  0    Dex: 14    Spells: 3/3 levels left

rFire   . . .        e - +0 dagger
rCold   . . .        (no shield)
rNeg    . . .        (body armour unavailable)
rPois   .            (helmet restricted)
rElec   .            (no cloak)
rCorr   .            (no gloves)
SInv    .            (no boots)
Will    .....        (no amulet)
Stlth   ++           (no ring)
HPRegen 0.25/turn    (no ring)
MPRegen 0.09/turn

%: no passive effects
@: lethally poisoned (-2 -> -21), invisible
A: AC +5, unfitting armour, cold-blooded
a: no special abilities


You were on level 4 of the Dungeon.
You visited 1 branch of the dungeon, and saw 4 of its levels.

You collected 164 gold pieces.

Inventory:

Hand Weapons
 a - a +0 shortbow
 e - a +0 dagger (weapon)
Missiles
 g - 3 silver javelins
 j - 9 boomerangs (quivered)
Scrolls
 b - a scroll of butterflies
 c - a scroll of amnesia
Potions
 h - a potion of enlightenment
 i - a potion of invisibility


   Skills:
 * Level 2.4 Fighting
 * Level 0.8 Short Blades
 * Level 4.4 Ranged Weapons
 * Level 2.0 Dodging
 * Level 1.1 Stealth
 * Level 0.7 Spellcasting


You had 3 spell levels left.
You didn't know any spells.
Your spell library contained the following spells:

 Spells                   Type           Power      Damage    Failure   Level
 Dazzling Flash           Conj/Hex       0%         N/A       69%         3
 Volatile Blastmotes      Fire/Tloc      0%         2d10      69%         3
 Starburst                Conj/Fire      0%         6d3       100%        6
 Maxwell's Capacitive Co  Air            0%         ∞         100%        8


Dungeon Overview and Level Annotations

Branches:
Dungeon (4/15)
 Temple: D:4-7

Altars:


Innate Abilities, Weirdness & Mutations

Your plain brown scales are hard. (AC +5)
You cannot fit into any form of body armour.
You are cold-blooded and may be slowed by cold attacks.


Message History

The scorpion is moderately wounded.
The scorpion stings you.
A gnoll comes into view. It is wielding a +0 club.
The scorpion attacks as it pursues you! The scorpion stings you.
You are poisoned.
The scorpion poisons you!
You feel very sick. The scorpion attacks as it pursues you!
The scorpion stings you.
You hit the scorpion but do no damage.
The scorpion is moderately wounded.
You feel very sick. The scorpion closely misses you.
You hit the scorpion but do no damage.
The scorpion is moderately wounded.
You feel sick. The scorpion closely misses you.
The scorpion completely misses you.
You closely miss the scorpion. You tail-slap the scorpion.
The scorpion is moderately wounded.
You feel sick. The scorpion closely misses you.
You hit the scorpion.
The scorpion is heavily wounded.
You feel sick. The scorpion barely misses you.
You hit the scorpion.
The scorpion is heavily wounded.
You feel sick. The scorpion barely misses you.
You closely miss the scorpion.
The scorpion is heavily wounded.
You feel sick. The scorpion stings you.
You are lethally poisoned!
The scorpion poisons you!
You hit the scorpion but do no damage.
The scorpion is heavily wounded.
* * * LOW HITPOINT WARNING * * *
You feel very sick. The scorpion stings you.
* * * LOW HITPOINT WARNING * * *
You are more poisoned.
The scorpion poisons you!
You fade into invisibility!
You die...

#...[... . #...... .###
#....#' ## ##.#.. #...##.
##.. .....# ....##W.
#...#####....## ..# #...
.....#........# # #...8
#.....###..# ........
#....s@.#..### .....8.B
#....#.......###.......
....?...###<......###....⌠
.g........
###...###.......
........... .### ....8..
....#....... .#
....#?....... .# ...
....###..... ..


You could see a scorpion (unable to see you).

Vanquished Creatures
  2 adders
  3 dart slugs
  A ribbon worm (D:2)
  2 endoplasms
  3 giant cockroaches
  2 goblins
  2 hobgoblins
  2 jackals (D:3)
  3 quokkas
  2 ball pythons (D:3)
  4 bats
  A frilled lizard (D:2)
  2 kobolds (D:3)
  A rat (D:2)
30 creatures vanquished.

Notes
Turn   | Place    | Note
-------+----------+-------------------------------------------
     0 | D:1      | NamelessAdventurer the Draconian Hunter began the quest for
                  | the Orb.
     0 | D:1      | Reached XP level 1. HP: 17/17 MP: 1/1
    99 | D:1      | Reached skill level 1 in Stealth
   124 | D:1      | Reached XP level 2. HP: 24/24 MP: 2/2
   422 | D:2      | Reached skill level 4 in Ranged Weapons
   779 | D:2      | Reached XP level 3. HP: 30/30 MP: 3/3
  2125 | D:4      | Noticed a phantom
  2298 | D:4      | Noticed a scorpion
  2312 | D:4      | Succumbed to a scorpion's poison

Illustrated notes

Levels and vault maps discovered:
D:1:      psy_arrival_fountain, layout_basic
D:2:      layout_loops_ring, serial_rivers, chequers_serial_rivers_room_b,
          chequers_serial_rivers_micro_e, chequers_serial_rivers_large_b,
          chequers_serial_rivers_room_a, chequers_serial_rivers_room_a,
          chequers_serial_rivers_room_a
D:3:      layout_basic, minmay_fountain_box
D:4:      layout_cave_pools, lemuel_tele_altar,
          gammafunk_temple_overflow_elements, minmay_overflow_temple_star_hex

Skill      XL: |  1  2  3 |
---------------+----------+-----
Stealth        | 1 |  1.1
Ranged Weapons | 4 |  4.4
Dodging        | 2 |  2.0
Fighting       | |  2.4
Short Blades   | |  0.8
Spellcasting   | |  0.7

Action                     || total
---------------------------++-------
  Melee: Dagger            ||    90
         Tailslap          ||    15
   Fire: Shortbow          ||    55
  Throw: Boomerang         ||    22
    Use: Scroll            ||     9
         Potion            ||     5
 Armour: Skin              ||    61
  Dodge: Dodged            ||    75
